 Dungeon Crawl Stone Soup version 0.30-a0-1160-g6e42c06551 (webtiles) character file.

Game seed: 1448959291782058076

92 themarg the Caller (level 4, -1/30 HPs)
             Began as a Merfolk Summoner on Apr 27, 2023.
             Succumbed to an adder's poison
             ... in a sewer.
             The game lasted 00:07:42 (2203 turns).

themarg the Caller (Merfolk Summoner)               Turns: 2203, Time: 00:07:43

Health: -1/30      AC:  2    Str:  8    XL:     4   Next: 60%
Magic:  2/7        EV: 15    Int: 16    God:
Gold:   111        SH:  0    Dex: 14    Spells: 1/7 levels left

rFire   . . .        o - +0 spear
rCold   . . .        (no shield)
rNeg    . . .        a - +0 robe
rPois   .            (no helmet)
rElec   .            (no cloak)
rCorr   .            (no gloves)
SInv    .            e - melded +0 pair of boots
Will    .....        (no amulet)
Stlth   +++          (no ring)
HPRegen 0.25/turn    (no ring)
MPRegen 0.10/turn

%: no passive effects
@: lethally poisoned (-1 -> -13), very quick
A: nimble swimmer 2, mertail
a: no special abilities


You were in a sewer.
You visited 1 branch of the dungeon, and saw 3 of its levels.
You also visited: Sewer.

You collected 111 gold pieces.

Inventory:

Hand Weapons
 d - a +0 dagger
 o - a +0 spear (weapon)
Missiles
 c - 27 stones
 j - 3 poisoned darts
Armour
 a - a +0 robe (worn)
 e - a +0 pair of boots (melded)
Scrolls
 h - 3 scrolls of fear
 i - a scroll of enchant armour {unknown}
 m - a scroll of identify {unknown}
Potions
 b - 2 potions of magic
 f - 2 potions of might {unknown}
 g - a potion of degeneration {unknown}
 k - a potion of curing {unknown}
 l - a potion of berserk rage {unknown}
 n - a potion of attraction {unknown}


   Skills:
 - Level 2.6 Dodging
 - Level 3.0 Stealth
 - Level 2.0 Spellcasting
 + Level 5.6 Summonings


You had one spell level left.
You knew the following spells:

 Your Spells              Type           Power      Damage    Failure   Level
a - Summon Small Mammal   Summ           76%        N/A       1%          1
b - Call Imp              Summ           38%        N/A       3%          2
c - Call Canine Familiar  Summ           19%        N/A       6%          3

Your spell library contained the following spells:

 Spells                   Type           Power      Damage    Failure   Level
 Summon Guardian Golem    Hex/Summ       10%        N/A       21%         3
 Summon Lightning Spire   Summ/Air       10%        N/A       54%         4


Dungeon Overview and Level Annotations

Branches:
Dungeon (3/15)              Sewer (1/1)

Altars:

Shops:
D:1 (


Innate Abilities, Weirdness & Mutations

You are very nimble when in or above water. (Stealth+, EV+, Speed+++)
Your lower body shifts to a powerful aquatic tail in water.


Message History

The rat splashes around in the water.
Your quokka bites the river rat.
The rat bites your quokka.
You closely miss the river rat.
You tail-slap the river rat, but do no damage.
The river rat is lightly wounded.
Your cerulean imp hits the river rat with a -2 spear.
The adder barely misses you. The river rat completely misses you.
Your cerulean imp hits the river rat but does no damage.
You closely miss the adder. The adder closely misses you.
The rat barely misses your quokka. The river rat bites you.
The adder bites you.
You are poisoned.
The adder poisons you!
Your cerulean imp misses the river rat.
You miss the adder.
You feel sick. The rat closely misses your quokka. The river rat bites you.
The adder bites you but does no damage.
Your cerulean imp barely misses the river rat.
The rat misses your cerulean imp.
You hit the river rat.
The river rat is heavily wounded.
You feel sick. The adder bites you.
* * * LOW HITPOINT WARNING * * *
You are lethally poisoned!
The adder poisons you! The rat misses your hound. The rat misses your quokka.
The river rat closely misses you.
Your cerulean imp barely misses the river rat.
The rat splashes around in the water.
The adder closely misses you. The rat closely misses your hound.
You hit the adder.
The adder is lightly wounded.
* * * LOW HITPOINT WARNING * * *
You feel sick. The rat bites your quokka. The river rat closely misses you.
The adder bites you.
* * * LOW HITPOINT WARNING * * *
You are more poisoned.
The adder poisons you!
Your cerulean imp hits the river rat but does no damage.
The rat bites your cerulean imp. The rat barely misses your hound.
You miss the adder. You tail-slap the adder.
The adder is moderately wounded.
You die...

###....
##.......
#.r.....#
##......#
#r.....#
#rrr~~.#
#5≈≈J~~#
#r≈≈r≈≈#
#@Sh~~≈#
#≈≈~~≈≈#
#≈≈~~~≈#
#≈~≈~.≈#
#≈≈~#~≈#
#≈.~≈≈≈#
#≈~~≈≈≈#
#≈~≈~~≈#
#≈≈≈~≈≈#


You could see an adder, a river rat (distracted, ally target), an endoplasm, 5
rats, a friendly hound (summoned), a friendly cerulean imp (summoned) and a
friendly quokka (summoned).

Vanquished Creatures
  An orc wizard (D:3)
  A worm (D:3)
  2 orcs (D:3)
  A ball python (D:2)
  A goblin (D:1)
  2 quokkas
  A frilled lizard (D:1)
  4 rats
13 creatures vanquished.

Vanquished Creatures (collateral kills)
  3 orcs (D:3)
  6 ball pythons
  7 bats
  2 giant cockroaches
  6 goblins
  5 hobgoblins
  6 jackals (D:1)
  5 frilled lizards
  A kobold (D:1)
  3 rats
44 creatures vanquished.

Grand Total: 57 creatures vanquished

Notes
Turn   | Place    | Note
-------+----------+-------------------------------------------
     0 | D:1      | themarg the Merfolk Summoner began the quest for the Orb.
     0 | D:1      | Reached XP level 1. HP: 13/13 MP: 3/3
   188 | D:1      | Reached XP level 2. HP: 19/19 MP: 0/5
   191 | D:1      | Learned a level 2 spell: Call Imp
   621 | D:1      | Found Qaec's Weapon Shop.
   907 | D:1      | Reached XP level 3. HP: 24/24 MP: 1/6
   919 | D:1      | Learned a level 3 spell: Call Canine Familiar
  1475 | D:2      | Found a faded altar of an unknown god.
  1608 | D:2      | Reached skill level 5 in Summonings
  1962 | D:3      | Reached XP level 4. HP: 30/30 MP: 3/7
  2115 | D:3      | Found a glowing drain.
  2134 | Sewer    | Entered a sewer
  2202 | Sewer    | HP: 1/30 [adder (4)]
  2203 | Sewer    | Succumbed to an adder's poison

Illustrated notes

Levels and vault maps discovered:
D:1:      minmay_arrival_four_houses, layout_basic, serial_shops,
          nicolae_shop_bloodbath_and_beyond, corexii_hall_statues_l
D:2:      layout_rooms, nicolae_ecumenical_snake_handling
D:3:      layout_basic, gammafunk_temple_overflow_statue,
          cheibrodos_sewer_entry_bend, grunt_decor_one_mirror,
          chequers_serial_rivers_marsh
Sewer:    sewer_minmay_w

Skill      XL: |  1  2  3 |
---------------+----------+-----
Stealth        | 3 |  3.0
Summonings     | 5 |  5.6
Dodging        | |  2.6
Spellcasting   | |  2.0

Action                     |  1- 3 |  4- 6 || total
---------------------------+-------+-------++-------
  Melee: Unarmed           |    34 |       ||    34
         Dagger            |    30 |       ||    30
         Spear             |     3 |    26 ||    29
         Tailslap          |       |     2 ||     2
   Cast: Summon Small Mamm |    48 |     1 ||    49
         Call Imp          |    15 |     2 ||    17
         Call Canine Famil |     1 |     3 ||     4
    Use: Scroll            |     1 |       ||     1
   Stab: Distracted        |     1 |       ||     1
 Armour: Robe              |    26 |     2 ||    28
  Dodge: Dodged            |    56 |    11 ||    67

Table legend: (Time is in decaauts)
 A = Elapsed time spent in this place.
 B = Non-inter-level travel time spent in this place.
 C = Inter-level travel time spent in this place.
 D = Time resting spent in this place.
 E = Time spent auto-exploring this place.
 F = Levels seen in this place.
 G = Mean time per level.
                   A        B        C        D        E       F      G
               +--------+--------+--------+--------+--------+-----+--------+
         Total |   2196 |   2134 |     62 |     39 |   1492 |   4 |  549.0 |
       Dungeon |   2133 |   2071 |     62 |      0 |   1492 |   3 |  711.0 |
         Sewer |     62 |     62 |      0 |     39 |      0 |   1 |   62.0 |
               +--------+--------+--------+--------+--------+-----+--------+

Top non-repeatable levels by time:
     D:1: 1246 daAuts
     D:2: 712 daAuts
     D:3: 174 daAuts
   Sewer: 62 daAuts
